Map: Dusk Towers

Players

ShadowRaven - Winner!

  • Race: Terran Terran
  • League: Platinum

A.I. 1 (Very Easy)

  • Race: Terran Terran

VOD

Have the link to the VOD?

Description

Inspired by forGG's HotS TvT mech openers. This build opens with a reaper for scouting, followed by hellions for defense and cloaked banshees for offense.

Time

  • Played on: Feb. 27, 2016, 7:08 p.m.
  • Length: 8:23
Show
View Real Time Build Order
Export as new Build Order

ShadowRaven Terran - Winner!

Build Orders: Reaper Expand, Hellion Banshee, Mech 

Get SALT Encoding   

  12  0:00  SCV  
  13  0:13  SCV  
  14  0:17  Supply Depot  
  14  0:25  SCV  
  14  0:27  Refinery  
  15  0:39  SCV  
  16  0:45  Barracks  
  16  0:51  SCV  
  17  1:03  SCV  
  18  1:15  SCV  
  19  1:31  Orbital Command  
  19  1:32  Reaper  
  20  1:44  Command Center  
  20  1:57  SCV  
  20  2:00  Factory  
  21  2:05  Barracks Reactor  
  21  2:09  SCV  
  21  2:10  Supply Depot  
  22  2:20  Refinery  
  22  2:21  SCV  
  23  2:33  SCV  
  24  2:45  SCV  
  24  2:47  Starport  
  24  2:50  Hellion x2  
  29  2:52  Barracks Tech Lab  
  29  2:57  SCV, Orbital Command  
  30  3:05  Supply Depot  
  30  3:11  Hellion  
  32  3:15  Hellion  
  34  3:22  SCV  
  35  3:29  SCV, Supply Depot  
  35  3:32  Banshee  
  39  3:36  Cloaking Field  
  39  3:42  SCV x2  
  39  3:46  Hellion  
  43  3:50  Hellion  
  43  3:52  Supply Depot  
  46  3:55  SCV  
  46  3:56  SCV  
  47  4:07  SCV, Hellion  
  47  4:08  SCV  
  51  4:11  Hellion  
  51  4:15  Banshee  
  56  4:20  Factory  
  56  4:22  Barracks Reactor  
  56  4:27  SCV x2  
  58  4:31  Supply Depot  
  58  4:34  Hellion  
  58  4:35  Hellion  
  62  4:40  SCV x2  
  64  4:49  Supply Depot  
  64  4:52  SCV x2  
  66  4:55  Supply Depot  
  66  4:56  Hellion  
  66  4:57  Hellion  
  70  5:08  SCV x2  
  70  5:09  Hellion  
  70  5:10  Infernal Pre-Igniter  
  70  5:11  Viking  
  70  5:14  Viking  
  78  5:20  SCV x2, Supply Depot  
  80  5:25  Hellion x2  
  84  5:32  SCV x2, Hellion  
  88  5:38  Supply Depot  
  88  5:43  Supply Depot  
  88  5:44  SCV x2  
  88  5:46  Viking, Hellion  
  94  5:50  Viking  
  94  5:53  Hellion  
  94  5:56  Hellion  
  100  6:03  Supply Depot  
  101  6:04  SCV x2  
  101  6:05  Supply Depot  
  102  6:12  Hellion  
  102  6:18  SCV x2  
  106  6:19  Hellion  
  106  6:25  Command Center  
  108  6:26  Refinery x2  
  108  6:30  SCV x2, Supply Depot  
  110  6:37  Hellion x2  
  114  6:41  Hellion  
  114  6:44  Supply Depot  
  114  6:46  SCV x2  
  118  6:58  Factory  
  118  7:00  Factory  
  122  7:01  Hellion  
  122  7:02  Siege Tank  
  122  7:03  Barracks  
  123  7:14  Viking x2  
  127  7:17  SCV  
  127  7:18  SCV  
  129  7:29  SCV  
  130  7:36  Command Center  
  130  7:37  Orbital Command  
  130  7:41  SCV  
  130  7:42  SCV, Hellion  
  130  7:43  Armory  
  134  7:46  Factory Tech Lab, Factory Reactor  
  134  7:48  Factory  
  134  7:57  Supply Depot  
  134  7:59  Supply Depot  
Show
View Real Time Build Order
Export as new Build Order

A.I. 1 (Very Easy) Terran 

Build Orders: Reaper Expand 

Get SALT Encoding   

  12  0:00  SCV  
  13  0:13  SCV  
  14  0:19  Supply Depot  
  14  0:46  Barracks  
  14  1:06  Command Center  
  14  1:31  Supply Depot  
  14  1:34  Orbital Command  
  14  1:35  Marine  
  14  1:37  Refinery  
  15  1:49  Refinery  
  15  2:00  SCV  
  16  2:12  SCV  
  17  2:17  Reaper  
  17  2:18  SCV  
  19  2:25  SCV  
  20  2:32  SCV  
  21  2:39  SCV  
  22  2:47  SCV  
  22  2:48  Refinery  
  23  2:54  SCV  
  23  2:57  Marine  
  25  3:01  SCV  
  26  3:08  SCV  
  27  3:15  SCV, Factory  
  27  3:37  Marine  
  28  3:42  SCV, Refinery  
  29  3:49  SCV  
  30  3:56  SCV  
  31  4:03  Starport, SCV  
  31  4:06  Supply Depot  
  32  4:11  SCV  
  33  4:17  Reaper  
  33  4:18  SCV  
  35  4:25  SCV  
  36  4:32  SCV  
  37  4:39  SCV  
  37  4:40  Starport Tech Lab  
  38  4:46  SCV  
  38  4:50  Barracks Tech Lab, Supply Depot  
  38  4:54  SCV  
  38  4:58  Raven  
  41  5:01  SCV  
  42  5:08  SCV, Marine  
  44  5:15  SCV  
  45  5:22  SCV  
  46  5:29  SCV  
  47  5:36  SCV  
  47  5:40  Raven  
  50  5:48  Marine  
  51  6:29  Marauder  
  47  6:59  SCV  
  44  7:04  Raven  
  42  7:13  SCV, Supply Depot  
  43  7:21  SCV  
  41  7:28  SCV  
  37  7:35  SCV  
  33  7:38  Hellion  
  33  7:42  SCV  
  33  7:49  Starport Tech Lab, SCV  
  28  7:53  Starport Tech Lab  
  28  7:56  SCV  
  25  8:04  SCV  
  21  8:11  SCV  
Tags
 
Add a new tag
Caveats
  • Supply blocks, unpowered buildings, or Contaminate may cause inaccurate times.
  • Supply counts are checked every 10 seconds.